Map: Deathaura LE

Players

llllllllllll - Winner!

  • Race: Terran Terran
  • League: Diamond
  • Spawn Location: 5:00

Osiris

  • Race: Terran Terran
  • League: Master
  • Spawn Location: 11:00

VOD

Have the link to the VOD?

Description

Time

  • Played on: July 16, 2020, 1:58 p.m.
  • Length: 22:18
Show
View Real Time Build Order
Export as new Build Order

llllllllllll Terran - Winner!

Build Orders: Mech 

Get SALT Encoding   

  12  0:02  SCV  
  13  0:15  SCV  
  13  0:18  Supply Depot  
  14  0:27  SCV  
  15  0:40  SCV  
  15  0:42  Barracks  
  16  0:45  Refinery  
  16  0:55  SCV  
  17  1:07  SCV  
  18  1:22  SCV  
  19  1:34  Marine  
  19  1:35  Orbital Command  
  20  1:44  Supply Depot  
  20  1:59  Marine  
  21  2:03  SCV  
  22  2:10  Factory  
  22  2:12  Command Center  
  23  2:15  SCV  
  23  2:18  Barracks Reactor  
  23  2:27  SCV  
  24  2:39  SCV  
  24  2:42  Refinery  
  25  2:52  SCV  
  25  2:54  Factory Tech Lab  
  25  2:55  Command Center  
  26  3:03  Starport  
  26  3:04  SCV  
  27  3:16  SCV  
  27  3:19  Marine  
  28  3:20  Marine  
  28  3:24  Orbital Command  
  28  3:26  Refinery  
  30  3:36  Siege Tank  
  30  3:37  SCV  
  30  3:40  Starport Tech Lab  
  34  3:49  SCV  
  34  3:52  SCV  
  34  3:53  Marine  
  37  4:01  SCV  
  38  4:04  SCV, Raven  
  38  4:08  Marine  
  42  4:11  Marine  
  42  4:13  SCV  
  42  4:16  SCV  
  45  4:24  Orbital Command  
  45  4:25  SCV  
  45  4:27  Refinery  
  45  4:28  SCV  
  47  4:33  Siege Tank  
  47  4:37  SCV  
  51  4:40  SCV  
  51  4:43  Marine  
  51  4:44  Marine  
  53  4:49  SCV  
  54  4:52  SCV  
  54  5:00  Fusion Core  
  54  5:01  SCV, Marine x2  
  54  5:02  SCV  
  54  5:05  SCV  
  59  5:13  SCV  
  59  5:14  SCV  
  59  5:17  SCV  
  61  5:23  Supply Depot  
  61  5:26  SCV  
  61  5:27  Starport  
  61  5:34  Supply Depot  
  61  5:42  Supply Depot  
  61  5:44  Engineering Bay  
  61  5:45  SCV x3  
  61  5:46  Siege Tank  
  67  5:50  Orbital Command  
  67  5:56  Battlecruiser  
  73  5:59  SCV  
  74  6:09  Starport Tech Lab  
  74  6:12  Missile Turret  
  74  6:13  SCV x2  
  74  6:15  Refinery  
  74  6:17  SCV  
  77  6:19  Siege Tank  
  77  6:20  Marine x2  
  77  6:23  Missile Turret  
  83  6:25  SCV x2  
  83  6:28  Missile Turret  
  83  6:29  Missile Turret  
  83  6:30  SCV  
  85  6:40  Refinery  
  58  6:47  Supply Depot, Weapon Refit  
  85  6:49  Supply Depot  
  85  6:50  Supply Depot  
  85  6:56  Factory  
  85  7:05  Factory  
  85  7:08  SCV x3, Siege Tank  
  85  7:11  Battlecruiser  
  97  7:19  Barracks Tech Lab  
  97  7:21  SCV x3  
  100  7:31  Battlecruiser  
  100  7:33  SCV x3, Starport  
  109  7:40  Armory  
  109  7:41  Armory  
  109  7:44  Supply Depot  
  109  7:45  SCV  
  109  7:47  Supply Depot  
  109  7:55  Infernal Pre-Igniter  
  109  8:01  Command Center  
  109  8:02  Supply Depot  
  109  8:06  SCV, Hellion x2, Siege Tank  
  109  8:09  SCV x2, Siege Tank  
  122  8:16  Mag-Field Accelerator  
  122  8:18  SCV, Supply Depot  
  123  8:20  Supply Depot  
  123  8:21  SCV x2  
  123  8:24  Battlecruiser  
  123  8:26  Command Center  
  131  8:29  Hellion  
  131  8:33  Supply Depot  
  133  8:38  Supply Depot  
  133  8:40  SCV x3, Hellion  
  138  8:48  Siege Tank x2  
  138  8:51  Supply Depot, Starport Tech Lab  
  138  8:52  SCV x3  
  147  9:03  Widow Mine x2  
  147  9:04  SCV x3  
  147  9:06  Terran Vehicle Weapons Level 1, Supply Depot  
  147  9:07  Terran Vehicle And Ship Armor Level 1, Refinery x2  
  154  9:16  SCV  
  152  9:20  Siege Tank  
  152  9:21  Siege Tank  
  126  9:48  SCV x2  
  128  9:53  Siege Tank x2  
  128  9:54  Hellion x2  
  138  10:00  Planetary Fortress  
  138  10:03  Command Center  
  138  10:09  Missile Turret  
  138  10:15  Hellion  
  138  10:16  Hellion  
  142  10:25  Battlecruiser  
  142  10:26  Battlecruiser  
  154  10:35  SCV x3  
  157  10:37  Hellion x2  
  157  10:41  Armory  
  161  10:44  Supply Depot  
  161  10:53  Command Center  
  161  10:56  SCV  
  162  10:57  SCV x2  
  162  10:58  Hellion  
  162  10:59  Hellion, Siege Tank  
  171  11:17  Missile Turret  
  165  11:18  Missile Turret x2  
  165  11:22  Missile Turret  
  165  11:23  Terran Vehicle Weapons Level 2, Terran Vehicle And Ship Armor Level 2  
  165  11:30  Refinery  
  165  11:32  SCV, Orbital Command  
  166  11:33  SCV x3, Refinery  
  169  11:44  SCV  
  169  11:45  SCV x3  
  173  11:50  Battlecruiser x2  
  181  12:10  Siege Tank  
  181  12:11  Widow Mine x2, Siege Tank  
  191  12:20  Command Center  
  191  12:27  Terran Ship Weapons Level 1  
  189  12:33  Widow Mine x2  
  176  12:53  Battlecruiser  
  176  12:54  Battlecruiser  
  176  12:55  Planetary Fortress  
  173  13:06  Refinery  
  173  13:07  Refinery  
  141  13:16  Siege Tank x2  
  141  13:17  Widow Mine x2  
  130  13:29  Missile Turret  
  130  13:30  Battlecruiser, Missile Turret  
  136  13:37  SCV x3  
  136  13:38  SCV, Widow Mine  
  136  13:39  Widow Mine  
  144  13:46  Terran Vehicle Weapons Level 3, Terran Vehicle And Ship Armor Level 3  
  144  13:48  Siege Tank x2  
  150  13:57  Battlecruiser  
  150  13:59  Widow Mine  
  150  14:00  Widow Mine  
  134  14:10  Battlecruiser  
  135  14:20  Siege Tank x2  
  130  14:27  Missile Turret, Widow Mine x2  
  130  14:28  Missile Turret  
  130  14:29  Missile Turret  
  134  14:35  Battlecruiser  
  138  14:46  Terran Ship Weapons Level 2  
  138  14:48  Widow Mine  
  138  14:49  Widow Mine  
  138  14:52  Siege Tank x2  
  142  15:01  Battlecruiser  
  146  15:10  Widow Mine x2  
  144  15:15  Battlecruiser  
  144  15:20  Drilling Claws  
  138  15:24  Siege Tank x2  
  144  15:31  Widow Mine  
  144  15:32  Widow Mine  
  148  15:38  SCV  
  148  15:39  SCV x4, Battlecruiser  
  159  15:46  Command Center  
  159  15:47  Command Center  
  159  15:56  Siege Tank  
  162  16:06  Battlecruiser  
  162  16:08  Unknown  
  162  16:09  Unknown  
  162  16:11  Siege Tank  
  171  16:12  Widow Mine x2  
  171  16:13  Missile Turret  
  174  16:19  Battlecruiser  
  177  16:28  Siege Tank  
  162  16:33  Planetary Fortress, Widow Mine  
  162  16:34  Widow Mine  
  162  16:37  SCV  
  162  16:38  SCV x4  
  162  16:39  Smart Servos  
  170  16:43  Battlecruiser, Siege Tank  
  179  16:49  SCV  
  180  16:54  Widow Mine  
  180  16:55  Widow Mine  
  180  17:00  Siege Tank  
  187  17:10  Battlecruiser  
  193  17:16  Widow Mine x2  
  197  17:27  Siege Tank  
  197  17:29  Missile Turret  
  200  17:31  Missile Turret  
  200  17:32  Missile Turret x2  
  200  17:44  Missile Turret  
  200  17:52  Missile Turret  
  200  17:53  Orbital Command  
  200  17:54  Orbital Command  
  200  18:01  Command Center  
  200  18:06  Missile Turret  
  200  18:08  Sensor Tower  
  194  18:28  Battlecruiser  
  191  18:48  Battlecruiser  
  155  19:29  Refinery  
  155  19:41  Refinery  
  155  19:47  Refinery  
  155  19:51  Missile Turret  
  155  19:53  Missile Turret  
  155  19:54  Battlecruiser x2  
  155  19:55  Battlecruiser, Siege Tank x2  
  155  19:57  Widow Mine x2  
  183  20:03  Orbital Command  
  183  20:10  Orbital Command  
  183  20:18  Widow Mine  
  183  20:19  Widow Mine  
  187  20:27  Siege Tank x2  
  193  20:38  Command Center  
  193  20:39  Widow Mine  
  193  20:40  Widow Mine  
  197  20:59  Siege Tank  
  197  21:01  Widow Mine  
  195  21:20  Command Center  
  195  21:32  Siege Tank  
Show
View Real Time Build Order
Export as new Build Order

Osiris Terran 

Build Orders: Gas First Reaper Expand 

Get SALT Encoding   

  12  0:01  SCV  
  13  0:13  SCV  
  14  0:17  Supply Depot  
  14  0:25  SCV  
  14  0:27  Refinery  
  15  0:38  SCV  
  16  0:45  Barracks  
  16  0:50  SCV  
  17  1:03  SCV  
  18  1:15  SCV  
  19  1:32  Orbital Command  
  19  1:33  Reaper  
  20  1:44  Command Center  
  20  1:58  Factory  
  20  1:59  SCV  
  21  2:06  Reaper  
  22  2:11  Supply Depot  
  22  2:21  SCV  
  23  2:34  Refinery  
  23  2:38  Reaper  
  23  2:41  Hellion  
  26  2:47  Bunker  
  26  2:49  SCV  
  27  2:57  Orbital Command  
  27  3:06  Starport  
  29  3:13  Hellion  
  29  3:17  Barracks Tech Lab  
  29  3:21  SCV  
  30  3:40  SCV  
  30  3:41  SCV  
  32  3:42  Starport Tech Lab  
  32  3:45  Cyclone  
  32  3:47  Barracks Reactor  
  35  3:50  Supply Depot  
  35  3:52  SCV  
  35  3:53  SCV  
  37  4:07  SCV  
  38  4:11  SCV  
  38  4:17  Refinery  
  38  4:18  Raven  
  40  4:28  Marine x2  
  40  4:31  SCV  
  43  4:36  Refinery  
  43  4:38  SCV  
  43  4:40  Command Center  
  43  4:42  Siege Tank  
  47  4:49  SCV  
  47  4:50  Marine x2  
  48  5:06  Raven  
  48  5:07  SCV  
  51  5:08  SCV  
  52  5:16  Cyclone  
  54  5:33  Mag-Field Accelerator  
  54  5:50  Starport  
  54  5:51  SCV x2, Medivac  
  54  5:52  Orbital Command  
  54  5:53  Cyclone  
  61  6:04  SCV x2, Supply Depot  
  63  6:05  Supply Depot  
  63  6:15  Orbital Command  
  63  6:18  SCV x2  
  65  6:27  Viking x2  
  65  6:29  Viking  
  71  6:34  Cyclone  
  74  6:44  SCV  
  74  6:46  Supply Depot  
  75  6:48  Supply Depot  
  75  6:49  SCV  
  75  6:53  SCV  
  77  6:56  Refinery  
  77  7:00  Refinery  
  77  7:01  Viking  
  77  7:02  Viking x2  
  77  7:03  SCV  
  77  7:04  SCV  
  77  7:07  Cyclone  
  88  7:12  Factory  
  88  7:13  SCV  
  88  7:14  Supply Depot x2  
  90  7:15  SCV  
  90  7:20  Barracks Tech Lab  
  90  7:28  SCV x3, Armory  
  90  7:29  Armory  
  93  7:38  Viking x2  
  87  7:45  Viking  
  89  7:54  Cyclone  
  92  8:02  SCV x2  
  92  8:03  SCV  
  95  8:12  Engineering Bay  
  95  8:16  Terran Ship Weapons Level 1, Terran Vehicle And Ship Armor Level 1  
  95  8:17  Viking x2, Command Center  
  99  8:21  SCV x2  
  99  8:22  SCV  
  102  8:28  Supply Depot  
  102  8:30  Supply Depot  
  102  8:31  Siege Tank  
  102  8:32  Viking  
  102  8:33  SCV  
  108  8:42  Siege Tank  
  111  8:50  Missile Turret  
  111  8:53  Missile Turret  
  111  8:54  Missile Turret  
  111  8:57  Missile Turret x2  
  111  8:58  Missile Turret  
  111  8:59  Missile Turret  
  111  9:01  Viking, Missile Turret  
  111  9:02  Missile Turret  
  113  9:03  Barracks Tech Lab  
  113  9:07  Barracks Reactor  
  113  9:08  SCV  
  114  9:12  Starport  
  103  9:33  Viking x3  
  85  9:44  Thor  
  85  9:45  Thor  
  89  9:53  Planetary Fortress  
  89  9:54  SCV  
  89  9:56  SCV x2  
  92  10:06  SCV  
  93  10:08  Viking, SCV  
  93  10:09  SCV  
  93  10:13  Viking  
  99  10:15  Terran Vehicle Weapons Level 1  
  99  10:17  Viking  
  99  10:18  SCV  
  102  10:24  Viking x2  
  102  10:25  SCV x2  
  108  10:30  SCV  
  108  10:31  Thor  
  108  10:33  Smart Servos  
  115  10:36  Infernal Pre-Igniter  
  115  10:37  SCV  
  115  10:38  SCV x2  
  115  10:41  Refinery  
  115  10:42  SCV, Refinery  
  119  10:45  Viking  
  119  10:47  Viking  
  123  10:55  Viking  
  123  10:56  Viking  
  127  11:02  Viking  
  121  11:26  Liberator  
  121  11:27  Liberator  
  121  11:29  Liberator  
  130  11:37  Command Center  
  130  11:41  Command Center  
  130  11:47  Liberator  
  133  11:54  Command Center  
  133  11:59  Liberator  
  133  12:00  Siege Tank  
  132  12:08  Supply Depot  
  132  12:12  Siege Tank  
  135  12:40  Liberator x2  
  135  12:41  Viking x2  
  144  12:53  Viking, Siege Tank x2  
  124  13:14  Viking  
  124  13:15  Viking  
  123  13:28  Planetary Fortress  
  123  13:33  Siege Tank  
  123  13:34  Siege Tank  
  129  13:36  SCV, Refinery  
  129  13:37  SCV  
  131  13:47  Viking x3  
  129  14:11  Viking x2, Siege Tank x2  
  139  14:26  Command Center  
  139  14:27  Planetary Fortress  
  139  14:29  Command Center  
  139  14:32  Command Center  
  136  14:53  Refinery x2  
  120  15:05  Viking x3, Liberator x2  
  120  15:06  Siege Tank x2  
  93  15:29  SCV x2  
  93  15:35  Viking x2  
  99  15:37  Viking  
  99  15:38  Terran Vehicle Weapons Level 2  
  99  15:40  Terran Vehicle And Ship Armor Level 2  
  99  15:42  Orbital Command x2  
  101  15:50  Viking  
  101  15:51  Thor  
  101  15:52  Siege Tank  
  114  16:00  Refinery, Factory  
  114  16:02  Refinery  
  114  16:05  Factory  
  114  16:10  Viking x2  
  118  16:12  Raven  
  118  16:27  Viking x2, Siege Tank  
  98  16:34  Siege Tank  
  98  16:38  SCV  
  93  16:43  Viking x2  
  97  16:49  Factory Tech Lab x2  
  97  17:00  Missile Turret  
  93  17:03  Thor  
  93  17:04  Viking x3  
  104  17:16  Starport  
  104  17:19  SCV  
  104  17:22  Thor  
  111  17:23  Starport  
  111  17:30  Viking x2  
  115  17:38  Viking x2, Missile Turret  
  115  17:39  Viking, Missile Turret x2  
  115  17:40  Missile Turret  
  121  17:48  Thor  
  126  18:09  Thor, Siege Tank  
  126  18:10  Viking  
  110  18:27  Thor  
  110  18:28  Viking x2  
  101  18:59  Thor  
  101  19:00  Thor  
  107  19:04  Orbital Command  
  103  19:13  Thor  
  109  19:23  Refinery x2  
  102  19:29  Viking x2  
  100  19:34  Starport Reactor  
  100  19:35  Starport Reactor  
  100  19:36  SCV  
  100  19:37  SCV  
  102  19:42  Hellion  
  102  19:43  Viking  
  106  19:57  Hellion x2  
  110  20:05  SCV x3  
  110  20:06  SCV x2  
  110  20:07  SCV  
  116  20:08  Viking x3  
  116  20:10  Hellion x2  
  126  20:15  Factory  
  126  20:21  Factory  
  126  20:22  Hellion x2  
  130  20:32  Hellion  
  132  20:37  Viking, Hellion  
  132  20:38  Viking  
  138  20:46  Hellion x2  
  142  20:53  Viking  
  144  21:07  Factory Reactor x2  
  136  21:13  Viking x2  
  136  21:14  Viking  
  140  21:34  Hellion x3  
Tags
 
Composition
Mech
Matchup
TvT
Race
Terran
Spawn Locations
Cross Positions
Add a new tag
Caveats
  • Supply blocks, unpowered buildings, or Contaminate may cause inaccurate times.
  • Supply counts are checked every 10 seconds.